 Dungeon Crawl Stone Soup version 0.20.1-1-g8b1a95d (webtiles) character file.

543 pomescollege the Poker (level 7, -1/55 HPs)
             Began as a Merfolk Skald on Dec 28, 2017.
             Was an Initiate of Ashenzari.
             Killed by divine providence
             ... invoked by an orc priest
              (12 damage)
             ... on level 5 of the Dungeon.
             The game lasted 00:26:16 (5561 turns).

pomescollege the Poker (Merfolk Skald)              Turns: 5561, Time: 00:26:16

Health: -1/55      AC:  4    Str: 11    XL:     7   Next: 27%
Magic:  3/10       EV: 15    Int: 14    God:    Ashenzari [......]
Gold:   184        SH:  0    Dex: 14    Spells: 2/10 levels left

rFire    . . .     SeeInvis .   a - +0 spear
rCold    . . .     Gourm    .   (no shield)
rNeg     . . .     Faith    .   l - +0 leather armour (curse)
rPois    .         Spirit   .   (helmet restricted)
rElec    .         Reflect  .   (no cloak)
rCorr    +         Harm     .   (no gloves)
MR       .....                  (no boots)
Stlth    +.........             (no amulet)
Regen    0.2/turn               v - ring of resist corrosion
MPRegen  0.2/turn               (no ring)

@: infused, singing
A: change form in water, swift swim, stealthy swim, horns 2, blink, shaggy fur 1
a: Blink, Curse Item, Renounce Religion


You were on level 5 of the Dungeon.
You worshipped Ashenzari.
Ashenzari was noncommittal.
You were very hungry.

You visited 1 branch of the dungeon, and saw 5 of its levels.

You collected 184 gold pieces.

Inventory:

Hand Weapons
 a - a +0 spear (weapon)
 f - a +0 spear
Armour
 b - a +0 leather armour
 h - a cursed +0 helmet
 j - a +0 helmet
 l - a cursed +0 leather armour (worn)
 t - a +2 leather armour of fire resistance
Magical Staves
 r - an uncursed staff of energy
Jewellery
 v - a ring of resist corrosion (left hand)
Scrolls
 s - a scroll of fear
Potions
 k - a potion of cancellation
 n - a potion of resistance
 p - a potion of heal wounds {unknown}
Books
 c - a book of Battle

   Spells                             Type                      Level
   a - Infusion                       Charms                       1
   b - Shroud of Golubria             Charms/Translocation         2
   c - Song of Slaying                Charms                       2
   d - Spectral Weapon                Hexes/Charms                 3
   e - Regeneration                   Charms/Necromancy            3
Comestibles
 d - 7 bread rations
 i - 3 fruits
 o - 3 meat rations
 q - 3 royal jellies


   Skills:
 + Level 4.3 Fighting
 + Level 6.0 Polearms
 - Level 0.6 Armour
 + Level 5.9 Dodging
 - Level 2.0 Spellcasting
 - Level 5.1 Charms


You had 2 spell levels left.
You knew the following spells:

 Your Spells              Type           Power        Failure   Level  Hunger
a - Infusion              Chrm           ###.         3%          1    ##.....
b - Shroud of Golubria    Chrm/Tloc      #.........   16%         2    ###....
c - Spectral Weapon       Hex/Chrm       #.......     32%         3    ####...
d - Song of Slaying       Chrm           ###.....     5%          2    ###....


Dungeon Overview and Level Annotations

Branches:
Dungeon (5/15)             Temple (0/1) D:5

Altars:
Ashenzari
Okawaru
Vehumet

Annotations:
D:5 Duvessa


Innate Abilities, Weirdness & Mutations

You revert to your normal form in water.
You are very nimble and swift while swimming.
You are very stealthy in the water. (Stealth+)
You have a pair of horns on your head.
You can translocate small distances at will.
You are covered in fur. (AC +1)


Message History

The ogre barely misses you.
The frilled lizard hisses angrily.
The orc wizard gestures at you while chanting.
The magic dart hits you!
The orc priest miscasts a cantrip.
The bullfrog hits you.
A worker ant comes into view.
The orc wizard misses you.
The orc wizard hits you with a dagger of speed.
The worker ant closely misses you. The bullfrog misses you.
An ooze comes into view.
The ooze moves out of view.
The frilled lizard barely misses you. The worker ant bites you.
The orc wizard closely misses you.
The gnoll hits you from afar with a halberd!
* * * LOW HITPOINT WARNING * * *
The orc wizard looks satisfied for a moment.
The orc priest invokes the aid of Beogh against you.
Beogh smites you!
You die...

.##.......>s
..#.##.........
#...##......)..
#....<.......
#../....%....
#.#..........
#####.##....%....
#...<..ogJ.......
#.)...olo@.......
#......Oa........
#......oF........
#................
###########......
...... ......
...... ...


You could see an ogre, a bullfrog, a worker ant, an orc priest, an orc wizard, a
gnoll, an ooze, 2 orcs and a frilled lizard.

Vanquished Creatures
  A howler monkey (D:4)
  A crimson imp (D:4)
  2 hounds (D:4)
  2 orc wizards
  Terence (D:2)
  Jessica (D:2)
  3 worker ants (D:4)
  A worker ant zombie (D:5)
  3 gnolls (D:4)
  9 adders
  A shadow imp (D:5)
  2 oozes
  An adder skeleton (D:4)
  A dart slug (D:1)
  3 leopard geckos
  9 orcs
  4 giant cockroaches
  7 goblins
  9 hobgoblins
  5 jackals (D:4)
  7 kobolds
  2 quokkas
  A ball python (D:1)
  7 bats
  A frilled lizard (D:2)
  A quokka skeleton (D:4)
  9 rats
94 creatures vanquished.

Notes
Turn   | Place    | Note
-------+----------+-------------------------------------------
     0 | D:1      | pomescollege the Merfolk Skald began the quest for the Orb.
     0 | D:1      | Reached XP level 1. HP: 16/16 MP: 3/3
   187 | D:1      | Reached XP level 2. HP: 18/22 MP: 0/5
  1218 | D:2      | Reached XP level 3. HP: 27/27 MP: 3/6
  1222 | D:2      | Learned a level 2 spell: Shroud of Golubria
  1226 | D:2      | Learned a level 3 spell: Spectral Weapon
  1228 | D:2      | Noticed Terence
  1264 | D:2      | Killed Terence
  1264 | D:2      | Reached skill level 5 in Charms
  1577 | D:2      | Reached XP level 4. HP: 29/33 MP: 7/7
  1722 | D:2      | Found a radiant altar of Vehumet.
  1723 | D:2      | Found a shattered altar of Ashenzari.
  1724 | D:2      | Found an iron altar of Okawaru.
  1731 | D:2      | Became a worshipper of Ashenzari the Shackled
  1788 | D:2      | Noticed Jessica
  1805 | D:2      | Killed Jessica
  2462 | D:3      | Reached XP level 5. HP: 36/39 MP: 5/8
  2970 | D:3      | Reached skill level 4 in Polearms
  3319 | D:4      | Reached XP level 6. HP: 22/47 MP: 0/9
  3771 | D:4      | Reached skill level 5 in Polearms
  3969 | D:4      | Reached skill level 5 in Dodging
  4127 | D:4      | Gained mutation: You are clumsy. (Dex -2) [potion of mutation]
  4127 | D:4      | Gained mutation: Your magical capacity is low. (-10% MP) [potion of mutation]
  4127 | D:4      | Gained mutation: You have a pair of small horns on your head. [potion of mutation]
  4131 | D:4      | Lost mutation: You are clumsy. (Dex -2) [potion of mutation]
  4131 | D:4      | Lost mutation: Your magical capacity is low. (-10% MP) [potion of mutation]
  4131 | D:4      | Gained mutation: You are covered in fur. (AC +1) [potion of mutation]
  4131 | D:4      | Gained mutation: You have a pair of horns on your head. [potion of mutation]
  4131 | D:4      | Gained mutation: You can translocate small distances at will. [potion of mutation]
  4560 | D:5      | Entered Level 5 of the Dungeon
  4602 | D:4      | Learned a level 2 spell: Song of Slaying
  4880 | D:5      | Reached XP level 7. HP: 24/54 MP: 0/10
  4896 | D:5      | Noticed Duvessa
  4901 | D:5      | Found a staircase to the Ecumenical Temple.
  4930 | D:4      | HP: 2/54 [poisoned by an adder]
  5554 | D:5      | Reached skill level 6 in Polearms
  5561 | D:5      | Killed from afar by an orc priest

Skill      XL: |  1  2  3  4  5  6  7 |
---------------+----------------------+-----
Charms         | 4 5 |  5.1
Dodging        | 3 4 5 |  5.9
Polearms       | 4 5 6 |  6.0
Fighting       | 3 4 |  4.3
Armour         | |  0.6
Spellcasting   | |  2.0

Action                   |  1- 3 |  4- 6 |  7- 9 || total
-------------------------+-------+-------+-------++-------
Melee: Spear             |   127 |   300 |    51 ||   478
       Tailslap          |       |     1 |       ||     1
       Headbutt          |       |     7 |     5 ||    12
 Cast: Infusion          |     7 |    21 |     3 ||    31
       Shroud of Golubri |     2 |     7 |     2 ||    11
       Spectral Weapon   |       |     2 |       ||     2
       Song of Slaying   |       |     1 |     2 ||     3
 Abil: Blink             |       |     1 |     1 ||     2
  Use: Scroll            |     1 |     8 |       ||     9
       Potion            |       |     5 |       ||     5
 Stab: Sleeping          |     2 |     4 |       ||     6
  Eat: Fruit             |     1 |     1 |     1 ||     3
       Chunk             |     1 |     7 |     1 ||     9
       Bread ration      |       |     1 |       ||     1
Armor: Leather armour    |    28 |    40 |    19 ||    87
Dodge: Dodged            |    61 |   182 |    49 ||   292
